 Dungeon Crawl Stone Soup version 0.29-a0-370-gb5314be063 (webtiles) character file.

Game seed: 7926875359180531145

140 Artihs the Shooter (level 5, -11/45 HPs)
             Began as a Minotaur Hunter on May 2, 2022.
             Killed by divine providence
             ... invoked by an orc priest
              (14 damage)
             ... on level 2 of the Dungeon.
             The game lasted 00:05:55 (1893 turns).

Artihs the Shooter (Minotaur Hunter)                Turns: 1893, Time: 00:05:56

Health: -11/45     AC:  4    Str: 15    XL:     5   Next: 2%
Magic:  4/4        EV: 12    Int:  6    God:
Gold:   95         SH:  0    Dex: 22    Spells: 4/4 levels left

rFire   . . .      SeeInvis .   a - +1 shortbow
rCold   . . .      Faith    .   (shield currently unavailable)
rNeg    . . .      Spirit   .   b - +0 leather armour
rPois   .          Reflect  .   (helmet restricted)
rElec   .          Harm     .   j - +0 cloak
rCorr   .          Rampage  .   (no gloves)
Will    .....                   (no boots)
Stlth   ++........              (no amulet)
HPRegen 0.15/turn               l - ring of flight
MPRegen 0.09/turn               n - +6 ring of dexterity

@: lethally poisoned (-11 -> -13), flying
A: horns 2, retaliatory headbutt
a: no special abilities


You were on level 2 of the Dungeon.
You visited 1 branch of the dungeon, and saw 3 of its levels.

You collected 95 gold pieces.

Inventory:

Hand Weapons
 a - a +1 shortbow (weapon)
 k - a +1 dagger of venom
Armour
 b - a +0 leather armour (worn)
 i - a +1 helmet
 j - a +0 cloak (worn)
Jewellery
 l - a ring of flight (left hand)
 n - a +6 ring of dexterity (right hand)
Scrolls
 c - a scroll of immolation
 d - 2 scrolls of blinking {unknown}
 e - a scroll of identify {unknown}
 f - a scroll of vulnerability {unknown}
 h - 2 scrolls of teleportation {unknown}
Potions
 g - a potion of ambrosia {unknown}
 m - a potion of degeneration {unknown}


   Skills:
 + Level 3.0 Fighting
 + Level 6.7 Bows
 - Level 0.2 Armour
 + Level 2.2 Dodging
 + Level 0.8 Stealth


You had 4 spell levels left.
You didn't know any spells.
Your spell library was empty.

Dungeon Overview and Level Annotations

Branches:
Dungeon (3/15)

Altars:


Innate Abilities, Weirdness & Mutations

You have a pair of horns on your head.
You reflexively headbutt those who attack you in melee.


Message History

Really attack while wielding your +1 shortbow? [Y]es or [N]o only, please.
Really attack while wielding your +1 shortbow?
Okay, then.
Shoot: a) +1 shortbow
Press: ? - help, Q - select action Shift-Dir - straight line, f - orc priest
Aim: an orc priest, wielding a +0 dagger (68% to hit)
You shoot an arrow.
The arrow hits the orc priest but does no damage.
The orc priest hits you with a +0 dagger.
The orc hits you with a +0 short sword. The orc closely misses you.
The orc barely misses you. You furiously retaliate!
You headbutt the orc!
You kill the orc!
The adder bites you.
You are poisoned.
The adder poisons you!
Shoot: a) +1 shortbow
Press: ? - help, Q - select action Shift-Dir - straight line, f - adder, p - orc priest
Aim: an adder (54% to hit)
You shoot an arrow. The arrow misses the adder.
You feel sick. The adder barely misses you. The orc priest misses you.
The orc hits you with a +0 flail! The orc hits you with a +0 short sword.
* * * LOW HITPOINT WARNING * * *
The adder barely misses you.
Shoot: a) +1 shortbow
Press: ? - help, Q - select action Shift-Dir - straight line, f/p - adder
Aim: an adder (54% to hit)
You shoot an arrow. The arrow hits the adder.
The adder is lightly wounded.
You feel sick.
The orc priest hits you with a +0 dagger.
* * * LOW HITPOINT WARNING * * *
The orc barely misses you. The orc hits you with a +0 short sword.
* * * LOW HITPOINT WARNING * * *
The adder misses you. The orc hits you with a +0 short sword.
* * * LOW HITPOINT WARNING * * *
The orc barely misses you.
The orc priest calls down the wrath of Beogh upon you.
Beogh smites you!
You die...

..##..## ######...# #...####....
.####..###........# #.#####.....
## ##.##..####.#.# #.# #...... ##
#.#..## #...####.# #...... .###
#...## ##....##.## #......
...####### #.##.....# #......
.....#### #S##.....# #......
##......########oo##....####....>
#....†........o@)...............
#...####.[[..###S#########......
##### #####......#### #......
#####.....# #...... #.....#
#...... #..<..# ##..... #.....#
##...[ #.....# ##### #.....#


You could see an orc priest, 2 adders and 2 orcs.

Vanquished Creatures
  An orc priest (D:2)
  An iguana (D:3)
  An adder (D:2)
  A worm (D:2)
  2 dart slugs (D:1)
  4 orcs (D:2)
  4 ball pythons
  A bat (D:2)
  6 endoplasms
  2 giant cockroaches (D:1)
  10 goblins
  8 hobgoblins
  4 jackals (D:1)
  5 kobolds
  3 quokkas (D:1)
  3 frilled lizards
  3 rats (D:1)
59 creatures vanquished.

Vanquished Creatures (others)
  5 plants (D:1)
5 creatures vanquished.

Grand Total: 64 creatures vanquished

Notes
Turn   | Place    | Note
-------+----------+-------------------------------------------
     0 | D:1      | Artihs the Minotaur Hunter began the quest for the Orb.
     0 | D:1      | Reached XP level 1. HP: 18/18 MP: 0/0
   233 | D:1      | Reached XP level 2. HP: 25/25 MP: 1/1
   325 | D:1      | Reached skill level 5 in Bows
   508 | D:1      | Reached XP level 3. HP: 30/30 MP: 2/2
  1225 | D:2      | Reached XP level 4. HP: 37/37 MP: 3/3
  1351 | D:2      | Reached skill level 6 in Bows
  1627 | D:2      | Reached XP level 5. HP: 6/45 MP: 4/4
  1893 | D:2      | Killed from afar by an orc priest

Illustrated notes

Levels and vault maps discovered:
D:1:      dpeg_arrival_morbid_curiosity, layout_basic, minmay_statues_item,
          serial_bayou_ford_a, chequers_avenue, minmay_misc_feat_tiny
D:2:      layout_rooms, guppyfry_early_orc_mine
D:3:      minmay_diamond_boxcup, layout_basic, slow_altar_2,
          ebering_ecumenical_altar_petrified, minmay_circle_x

Skill      XL: |  1  2  3  4 |
---------------+-------------+-----
Bows           | 5 6 |  6.7
Fighting       | 3 |  3.0
Armour         | |  0.2
Dodging        | |  2.2
Stealth        | |  0.8

Action                   |  1- 3 |  4- 6 || total
-------------------------+-------+-------++-------
 Fire: Shortbow          |   126 |    28 ||   154
Armor: Leather armour    |     7 |     8 ||    15
Dodge: Dodged            |    29 |    18 ||    47

Table legend: (Time is in decaauts)
 A = Elapsed time spent in this place.
 B = Non-inter-level travel time spent in this place.
 C = Inter-level travel time spent in this place.
 D = Time resting spent in this place.
 E = Time spent auto-exploring this place.
 F = Levels seen in this place.
 G = Mean time per level.
                   A        B        C        D        E       F      G
               +--------+--------+--------+--------+--------+-----+--------+
         Total |   1940 |   1843 |     97 |    256 |   1261 |   3 |  646.7 |
       Dungeon |   1940 |   1843 |     97 |    256 |   1261 |   3 |  646.7 |
               +--------+--------+--------+--------+--------+-----+--------+

Top non-repeatable levels by time:
     D:1: 1130 daAuts
     D:2: 800 daAuts
     D:3: 9 daAuts
